 Dungeon Crawl Stone Soup version 0.28.0-45-g0d030f2227 (webtiles) character file.

Game seed: 9201342816362429963

8 zeratav the Insei (level 2, 0/18 HPs)
             Began as an Octopode Transmuter on Apr 9, 2022.
             Slain by a jackal (2 damage)
             ... on level 1 of the Dungeon.
             The game lasted 00:00:35 (377 turns).

zeratav the Insei (Octopode Transmuter)              Turns: 377, Time: 00:00:35

Health: 0/18       AC:  1    Str:  9    XL:     2   Next: 8%
Magic:  5/5        EV: 13    Int: 15    God:
Gold:   5          SH:  0    Dex: 12    Spells: 4/5 levels left

rFire   . . .      SeeInvis .   a - +0 dagger (speed) {short}
rCold   . . .      Faith    .   (no shield)
rNeg    . . .      Spirit   .   (helmet restricted)
rPois   .          Reflect  .   (no amulet)
rElec   .          Harm     .   (no ring)
rCorr   .          Rampage  .   (no ring)
Will    .....                   (no ring)
Stlth   ++........              (no ring)
HPRegen 0.06/turn               (no ring)
MPRegen 0.09/turn               (no ring)
                                (no ring)
                                (no ring)

@: no status effects
A: almost no armour, amphibious, 8 rings, camouflage 1, gelatinous body 1,
(nimble swimmer 1), tentacles
a: no special abilities


You were on level 1 of the Dungeon.
You visited 1 branch of the dungeon, and saw 1 of its levels.

You collected 5 gold pieces.


Innate Abilities, Weirdness & Mutations

You cannot wear most types of armour.
You are amphibious.
You can wear up to eight rings at the same time.
Your skin changes colour to match your surroundings (Stealth+).
Your rubbery body absorbs attacks. (AC +1, EV +1)
((You are camouflaged when in or above water. (Stealth+)))
You have tentacles for arms and can constrict up to eight enemies at once.


   Skills:
 + Level 1.3 Fighting
 + Level 2.2 Dodging
 * Level 3.3 Unarmed Combat
 - Level 2.0 Spellcasting
 - Level 2.0 Transmutations


You had 4 spell levels left.
You knew the following spells:

 Your Spells              Type           Power      Damage    Failure   Level
a - Beastly Appendage     Tmut           14%        N/A       10%         1

Your spell library contained the following spells:

 Spells                   Type           Power      Damage    Failure   Level
 Wereblood                Tmut           7%         N/A       14%         2
 Spider Form              Tmut/Pois      4%         N/A       41%         3
 Ice Form                 Ice/Tmut       4%         N/A       82%         4

Inventory:

Hand Weapons
 a - a +0 dagger of speed (weapon) {short}
   (You found it on level 1 of the Dungeon)
Scrolls
 b - a scroll of silence {unknown}

Dungeon Overview and Level Annotations

Branches:
Dungeon (1/15)

Altars:

...... ..... .... .
###.##.# #.#.#.#.#.. ..
..#.##.#####......... ..
#.#.......#..#.#.#.# . ..#
#.#....†.............
..###.#.......##.#.#.#.#.$
..................J.......
....#............b..r#.#
........##.##...@h.....#
....##.....##........###
......(........).....#
....##.....##........#
##..##.....##........#
##..##.....##........#
#..........##........#
#..........##........#
#..##.##.#.###########


You could see an endoplasm, a jackal, a bat and a rat.


Message History

One of your tentacles grows a vicious spike.
MP[-1]
You lost 1 mp, and now have 2/3 mp.
You see here a scroll labelled DIENALI BUHORI.
You barely miss the rat. Your grab misses the rat.
You pierce the rat.
You closely miss the rat. Your grab misses the rat. The rat bites you.
HP[-3]
You take 3 damage, and now have 10/13 hp.
MASSIVE DAMAGE!! (PAUSE)
You hit the rat.
You kill the rat!
No target in view!
No target in view!
No target in view!
No target in view!
No target in view!
No target in view!
No target in view!
No target in view!
No target in view!
No target in view!
Your transformation is almost over.
Your tentacle spike disappears.
b - a scroll labelled DIENALI BUHORI HP[+3] MP[+1]
Your hp is fully restored (13).
Your mp is fully restored (3).
A bat comes into view.
The bat barely misses you.
You hit the bat. You grab the bat. You constrict the bat.
You kill the bat!
No target in view!
No target in view!
No target in view!
No target in view!
No target in view!
No target in view!
No target in view!
You now have 5 gold pieces.
A ball python comes into view.
A rat comes into view.
The ball python hisses angrily.
The ball python closely misses you. The ball python barely misses you.
You barely miss the ball python. You grab the ball python.
You constrict the ball python. The ball python bites you.
The ball python barely misses you.
HP[-3]
You take 3 damage, and now have 10/13 hp.
MASSIVE DAMAGE!! (PAUSE)
You barely miss the ball python. You constrict the ball python.
The ball python bites you. The ball python grabs you.
The ball python constricts you.
HP[-2]
You take 2 damage, and now have 8/13 hp.
You barely miss the ball python. You squeeze the ball python.
You kill the ball python!
You have reached level 2!
HP[+3] MP[+2]
You now have 18 max hp (+5).
You regained 3 hp, and now have 11/18 hp.
Your mp is fully restored (5).
A rat is nearby!
A goblin comes into view. It is wielding a +0 club.
The helpless rat fails to defend itself.
You hit the rat.
You kill the rat!
An endoplasm comes into view.
You barely miss the goblin. Your grab misses the goblin.
The goblin barely misses you.
You hit the goblin.
You kill the goblin!
HP[+1]
A jackal comes into view.
A bat and a rat come into view.
The endoplasm quivers.
The jackal barks!
The bat hits you.
HP[-1]
You take 1 damage, and now have 11/18 hp.
You hit the endoplasm. The bat hits you. The endoplasm freezes you.
You are frozen.
* * * LOW HITPOINT WARNING * * *
You hit the endoplasm but do no damage.
You squeeze the endoplasm, but do no damage.
The bat barely misses you. The bat hits you but does no damage.
The endoplasm freezes you.
You are frozen.
* * * LOW HITPOINT WARNING * * *
You are too injured to fight recklessly!
HP[-8]
You take 8 damage, and now have 3/18 hp.
MASSIVE DAMAGE!! (PAUSE)
You are too injured to fight recklessly!
You are too injured to fight recklessly!
There are monsters nearby!
The bat barely misses you. The bat hits you.
* * * LOW HITPOINT WARNING * * *
The jackal bites you.
You die...

Action                   || total
-------------------------++-------
Melee: Unarmed           ||     8
       Dagger            ||    12
       Constrict         ||     4
       Tentacles         ||     4
       Kick              ||     2
 Cast: Beastly Appendage ||     6
 Stab: Sleeping          ||     2
Armor: Skin              ||     1
Dodge: Dodged            ||    12

Levels and vault maps discovered:
D:1:      zaba_arrival_water, layout_basic, serial_shops, shop,
          chequers_decorated_corner, st_stairs_2, minmay_distorted

Notes
Turn   | Place    | Note
-------+----------+-------------------------------------------
     0 | D:1      | zeratav the Octopode Transmuter began the quest for the
                  | Orb.
     0 | D:1      | Reached XP level 1. HP: 13/13 MP: 3/3
     0 | D:1      | magus.rc [v1.9.6]
   357 | D:1      | Reached XP level 2. HP: 11/18 MP: 5/5
   375 | D:1      | HP: 3/18 [frozen (3)]
   377 | D:1      | Slain by a jackal

Vanquished Creatures
  3 ball pythons (D:1)
  A giant cockroach (D:1)
  A bat (D:1)
  A frilled lizard (D:1)
  A goblin (D:1)
  3 rats (D:1)
10 creatures vanquished.

Table legend:
 A = Non-vault XP
 B = Vault XP
 C = Vault XP percentage of total XP
 D = Non-vault monster count
 E = Vault monster count
 F = Vault count percentage of total count
                 A         B        C        D         E       F
            +---------+---------+-------+---------+---------+-------
      Total |      10 |       2 |  16.7 |       8 |       2 |  20.0
            +---------+---------+-------+---------+---------+-------
        D:1 |      10 |       2 |  16.7 |       8 |       2 |  20.0
            +---------+---------+-------+---------+---------+-------

Illustrated notes

Table legend:
 A = Kills in this place as a percentage of kills in entire the game.
 B = Kills by you in this place as a percentage of kills by you in the entire game.
 C = Kills by friends in this place as a percentage of kills by friends in the entire game.
 D = Other kills in this place as a percentage of other kills in the entire game.
 E = Experience gained in this place as a percentage of experience gained in the entire game.
 F = Experience gained in this place divided by the number of levels of this place that you have seen.
                   A       B       C       D       E      F
               +-------+-------+-------+-------+-------+----------------------
         Total | 100.0 | 100.0 |   N/A |   N/A | 100.0 |  12.0
       Dungeon | 100.0 | 100.0 |   N/A |   N/A | 100.0 |  12.0
               +-------+-------+-------+-------+-------+----------------------

Table legend: (Time is in decaauts)
 A = Elapsed time spent in this place.
 B = Non-inter-level travel time spent in this place.
 C = Inter-level travel time spent in this place.
 D = Time resting spent in this place.
 E = Time spent auto-exploring this place.
 F = Levels seen in this place.
 G = Mean time per level.
                   A        B        C        D        E       F      G
               +--------+--------+--------+--------+--------+-----+--------+
         Total |    372 |    367 |      5 |      0 |    299 |   1 |  372.0 |
       Dungeon |    372 |    367 |      5 |      0 |    299 |   1 |  372.0 |
               +--------+--------+--------+--------+--------+-----+--------+

Top non-repeatable levels by time:
     D:1: 372 daAuts
